 Dungeon Crawl Stone Soup version 0.25-b1-37-g2669288c55 (webtiles) character file.

Game seed: 10023141350699718440

57 grindst0ne the Skirmisher (level 3, 0/30 HPs)
             Began as a Demonspawn Gladiator on June 4, 2020.
             Slain by a gnoll (1 damage)
             ... on level 2 of the Dungeon.
             The game lasted 00:01:16 (1277 turns).

grindst0ne the Skirmisher (Demonspawn Gladiator)    Turns: 1277, Time: 00:01:17

Health: 0/30       AC:  4    Str: 14    XL:     3   Next: 73%
Magic:  3/3        EV: 12    Int: 10    God:
Gold:   42         SH:  0    Dex: 14    Spells: 2/2 levels left

rFire    + . .     SeeInvis .   a - +0 war axe
rCold    . . .     Gourm    .   (no shield)
rNeg     . . .     Faith    .   b - +0 leather armour
rPois    .         Spirit   .   (helmet restricted)
rElec    .         Reflect  .   (no cloak)
rCorr    .         Harm     .   i - +0 pair of gloves
MR       .....                  (no boots)
Stlth    +.........             (no amulet)
HPRegen  0.10/turn              (no ring)
MPRegen  0.08/turn              (no ring)

@: no status effects
A: antennae 1, fire resistance 1
a: no special abilities


You were on level 2 of the Dungeon.
You were not hungry.

You visited 1 branch of the dungeon, and saw 2 of its levels.

You collected 42 gold pieces.

Inventory:

Hand Weapons
 a - a +0 war axe (weapon)
Missiles
 d - 3 throwing nets (quivered)
Armour
 b - a +0 leather armour (worn)
 c - a +0 helmet
 i - a +0 pair of gloves (worn)
Jewellery
 k - an uncursed ring of ice
Scrolls
 e - 2 scrolls of identify {unknown}
 j - a scroll of remove curse {unknown}
 n - a scroll of blinking {unknown}
Potions
 g - a potion of brilliance {unknown}
 h - a potion of curing {unknown}
 l - a potion of lignification {unknown}
Comestibles
 f - 4 rations


   Skills:
 + Level 4.1 Fighting
 - Level 2.6 Axes
 - Level 1.7 Throwing
 - Level 2.6 Dodging


You had 2 spell levels left.
You didn't know any spells.
Your spell library was empty.

Dungeon Overview and Level Annotations

Branches:
Dungeon (2/15)

Altars:


Innate Abilities, Weirdness & Mutations

You have a pair of small antennae on your head.
Your flesh is heat resistant. (rF+)


Message History

Your Fighting skill increases to level 4!
You barely miss the gnoll. The gnoll closely misses you. The gnoll hits you.
The gnoll barely misses you.
You closely miss the gnoll.
You feel sick. The gnoll barely misses you.
The gnoll hits you from afar with a +0 spear.
You are too injured to fight recklessly!
You are too injured to fight recklessly!
You are too injured to fight recklessly!
You hit the gnoll.
The gnoll is moderately wounded.
The gnoll hits you but does no damage. The gnoll barely misses you.
The gnoll misses you.
You slash the gnoll!
The gnoll is almost dead.
You feel sick.
You are no longer poisoned.
The gnoll hits you from afar with a +0 spear!
* * * LOW HITPOINT WARNING * * *
The gnoll hits you.
You die...

##....#.#.###..#
#.##.#.#......#
###.#..[.#..###.#
....#.........#.#
.............>..#
###.#.#.#..##...####
#.#.#.#........†.#
#.#.#.##.......#.#
..#@####.#####[# #
#g# #.......# #g#
######### .......S#
#.#....## #....
#.... #.).. .....


You could see 2 gnolls and an adder.

Vanquished Creatures
  A gnoll (D:2)
  An adder (D:2)
  A dart slug (D:1)
  4 bats
  A giant cockroach (D:1)
  2 goblins (D:1)
  4 hobgoblins (D:1)
  10 jackals (D:1)
  2 frilled lizards
  4 kobolds
  2 rats
32 creatures vanquished.

Notes
Turn   | Place    | Note
-------+----------+-------------------------------------------
     0 | D:1      | grindst0ne the Demonspawn Gladiator began the quest for the
                  | Orb.
     0 | D:1      | Reached XP level 1. HP: 16/16 MP: 1/1
   298 | D:1      | Gained mutation: Your flesh is heat resistant. (rF+)
                  | [demonic ancestry]
   298 | D:1      | Reached XP level 2. HP: 23/23 MP: 2/2
   310 | D:1      | Reached skill level 3 in Fighting
   676 | D:1      | Gained mutation: You have a pair of small antennae on your
                  | head. [demonic ancestry]
   676 | D:1      | Reached XP level 3. HP: 29/29 MP: 3/3
  1272 | D:2      | Reached skill level 4 in Fighting
  1277 | D:2      | HP: 1/30 [gnoll/+0 spear (8)]
  1277 | D:2      | Slain by a gnoll

Illustrated notes

Levels and vault maps discovered:
D:1:      minmay_arrival_diagonal_passages, layout_loops_corners
D:2:      layout_basic, minivault_26, uniq_jessica

Skill      XL: |  1  2  3 |
---------------+----------+-----
Fighting       | 3 4 |  4.1
Axes           | |  2.6
Throwing       | |  1.7
Dodging        | |  2.6

Action                   || total
-------------------------++-------
Melee: War axe           ||    77
  Eat: Chunk             ||     1
Armor: Leather armour    ||    27
Dodge: Dodged            ||    63
